 Dungeon Crawl Stone Soup version 0.27-a0-385-g3208abaabc (webtiles) character file.

Game seed: 12047563101055550231

6709 lunkers the Geomancer (level 10, 0/80 HPs)
             Began as a Demigod Earth Elementalist on Feb 18, 2021.
             Slain by a wyvern (13 damage)
             ... on level 9 of the Dungeon.
             The game lasted 00:22:28 (12490 turns).

lunkers the Geomancer (Demigod Earth Elementalist) Turns: 12490, Time: 00:22:28

Health: 0/80       AC:  9    Str:  9    XL:     10   Next: 46%
Magic:  6/25       EV: 11    Int: 29    God:
Gold:   594        SH: 10    Dex: 14    Spells: 17/23 levels left

rFire    + . .     SeeInvis .   a - +0 whip (elec)
rCold    . . .     Faith    .   x - +0 buckler
rNeg     . . .     Spirit   .   r - +2 leather armour {rF+}
rPois    .         Reflect  +   h - +2 helmet
rElec    .         Harm     .   E - +0 cloak {Stlth+}
rCorr    .         Rampage  .   (no gloves)
Will     +....                  (no boots)
Stlth    ++........             v - amulet of reflection
HPRegen  0.23/turn              (no ring)
MPRegen  0.19/turn              (no ring)

@: lethally poisoned (0 -> -3), slowed, very slow
A: high mp 1
a: no special abilities


You were on level 9 of the Dungeon.
You visited 1 branch of the dungeon, and saw 10 of its levels.

You collected 594 gold pieces.

Inventory:

Hand Weapons
 a - a +0 whip of electrocution (weapon)
 g - a +0 dagger of venom
 t - a +3 war axe
Missiles
 b - 135 stones
Armour
 h - a +2 helmet (worn)
 r - a +2 leather armour of fire resistance (worn)
 x - a +0 buckler (worn)
 E - a +0 cloak of stealth (worn)
 F - a +0 hat of stealth
Magical Staves
 s - a staff of cold
Jewellery
 c - an amulet of guardian spirit
 v - an amulet of reflection (around neck)
 y - an amulet of the acrobat
Wands
 i - a wand of random effects (21)
 k - a wand of paralysis (12)
Scrolls
 d - 2 scrolls of immolation
 f - 5 scrolls of blinking {unknown}
 j - 5 scrolls of teleportation
 o - 3 scrolls of fog {unknown}
 w - a scroll of acquirement {unknown}
 A - a scroll of fear {unknown}
 D - 2 scrolls of amnesia {unknown}
Potions
 e - 2 potions of brilliance
 l - a potion of attraction
 m - 3 potions of curing
 n - a potion of flight {unknown}
 p - 2 potions of lignification
 q - a potion of resistance {unknown}
 u - 2 potions of might
 z - 3 potions of berserk rage {unknown}
 B - a potion of heal wounds {unknown}
 C - a potion of haste {unknown}


   Skills:
 + Level 4.9 Fighting
 - Level 1.7 Dodging
 - Level 1.7 Stealth
 - Level 4.0 Shields
 + Level 7.4 Spellcasting
 - Level 0.8 Transmutations
 * Level 11.3 Earth Magic


You had 17 spell levels left.
You knew the following spells:

 Your Spells              Type           Power        Failure   Level
a - Stone Arrow           Conj/Erth      86%          1%          3
b - Passwall              Tmut/Erth      38%          1%          2
c - Sandblast             Erth           100%         1%          1

Your spell library contained the following spells:

 Spells                   Type           Power        Failure   Level
 Lee's Rapid Deconstruct  Erth           33%          1%          5
 Petrify                  Tmut/Erth      46%          5%          4


Dungeon Overview and Level Annotations

Branches:
Dungeon (10/15)            Temple (0/1) D:5             Orc (0/2) D:9
   Lair: D:8-11

Annotations:
D:6 2 transporters, sahdkjhfkaj's ghost, novice OgBe


Innate Abilities, Weirdness & Mutations

You have an increased reservoir of magic. (+10% MP)


Message History

Confirm with . or Enter, or press ? or * to list all spells.
Aiming: Sandblast (safe; 1% risk of failure)
Press: ? - help, Shift-Dir - straight line, f/p - hornet
Aim: a hornet (severely wounded, 24% to evade)
The blast of sand hits the hornet.
The hornet is severely wounded.
The hornet stings you but does no damage.
The wyvern bites you!
* * * LOW HITPOINT WARNING * * *
You block the jackal's attack. The hornet barely misses you.
The wyvern barely misses you. You block the jackal's attack.
The hornet stings you!
* * * LOW HITPOINT WARNING * * *
You feel as though you will be slow longer.
Casting: Sandblast (safe; 1% risk of failure)
Confirm with . or Enter, or press ? or * to list all spells.
Aiming: Stone Arrow (safe; 1% risk of failure)
Press: ? - help, Shift-Dir - straight line, f/p - hornet
Aim: a hornet (severely wounded, 36% to evade)
The stone arrow misses the hornet.
You block the wyvern's attack.
The jackal bites you but does no damage.
The hornet stings you!
* * * LOW HITPOINT WARNING * * *
You are poisoned.
You feel as though you will be slow longer.
The wyvern barely misses you.
The jackal bites you but does no damage.
You block the hornet's attack.
Unknown command.
Casting: Stone Arrow (safe; 1% risk of failure)
Confirm with . or Enter, or press ? or * to list all spells.
Aiming: Stone Arrow (safe; 1% risk of failure)
Press: ? - help, Shift-Dir - straight line, f/p - hornet
Aim: a hornet (severely wounded, 36% to evade)
The stone arrow hits the hornet!
You kill the hornet!
* * * LOW MAGIC WARNING * * *
You feel sick. You block the wyvern's attack. The jackal barely misses you.
The wyvern bites you!
You die...

..............#####.......#######
..........................+....##
##........................#....#.
#.................####+###....##
#.................#.....##....##
#............######.............
#............#....#.............
#............'.l.##.....##....##
##............#h@.##.....##....##
..........>...##†###....†.......#
........#'##.......#............#
........#..#.......#.....########
..#######..#.......#.....#......#
..#........#.......#.....'......#
..'........#.......#######.......
..##########.....................
........#..#####'##.).....######.


You could see a wyvern and a jackal.

Vanquished Creatures
  Gastronok (D:9)
  A two-headed ogre (D:9)
  Pikel (D:4)
  Maurice (D:9)
  A troll (D:9)
  2 hornets (D:9)
  Grinder (D:5)
  Sigmund (D:4)
  A wyvern (D:10)
  Eustachio (D:5)
  3 yaks (D:9)
  A water moccasin (D:5)
  An ice beast (D:8)
  2 sky beasts
  An ogre (D:8)
  2 wolves (D:8)
  2 centaurs (D:8)
  A bullfrog (D:8)
  A scorpion (D:4)
  4 wights (D:6)
  3 electric eels
  2 howler monkeys
  A crimson imp (D:4)
  A centaur zombie (D:6)
  A quasit (D:6)
  5 hounds
  A jelly (D:8)
  An orc priest (D:5)
  A bullfrog skeleton (D:8)
  2 iguanas
  6 worker ants
  3 orc wizards
  A killer bee zombie (D:6)
  A centaur simulacrum (D:8)
  3 hound skeletons
  6 gnolls (D:4)
  10 adders
  A river rat (D:6)
  6 white imps
  An ooze (D:4)
  An adder zombie (D:5)
  An adder skeleton (D:9)
  A worm (D:2)
  An adder simulacrum (D:8)
  7 leopard geckos
  17 orcs
  A ball python (D:6)
  6 giant cockroaches
  11 goblins
  7 hobgoblins
  16 jackals
  8 kobolds
  5 quokkas
  8 bats
  5 frilled lizards
  A jackal skeleton (D:5)
  A quokka simulacrum (D:8)
  8 rats
190 creatures vanquished.

Vanquished Creatures (others)
  8 plants (D:3)
8 creatures vanquished.

Grand Total: 198 creatures vanquished

Notes
Turn   | Place    | Note
-------+----------+-------------------------------------------
     0 | D:1      | lunkers the Demigod Earth Elementalist began the quest for
                  | the Orb.
     0 | D:1      | Reached XP level 1. HP: 14/14 MP: 5/5
   195 | D:1      | Reached skill level 3 in Earth Magic
   234 | D:1      | Reached XP level 2. HP: 14/20 MP: 0/7
  1549 | D:2      | Reached XP level 3. HP: 26/26 MP: 9/9
  2319 | D:2      | Reached skill level 4 in Earth Magic
  2322 | D:2      | Learned a level 2 spell: Passwall
  2326 | D:2      | Learned a level 3 spell: Stone Arrow
  2542 | D:3      | Reached XP level 4. HP: 30/33 MP: 10/10
  2669 | D:3      | Found a snail-covered altar of Cheibriados.
  3892 | D:4      | Noticed a lemure
  3893 | D:4      | Noticed Pikel
  3893 | D:4      | Noticed a lemure
  3893 | D:4      | Noticed a lemure
  3894 | D:4      | Noticed a lemure
  3939 | D:4      | HP: 1/33 [Pikel/+0 whip of electrocution (6)]
  3940 | D:4      | Killed Pikel
  3941 | D:4      | Reached skill level 6 in Earth Magic
  3941 | D:4      | Reached XP level 5. HP: 1/38 MP: 8/14
  3941 | D:4      | Reached XP level 6. HP: 2/45 MP: 8/15
  3941 | D:4      | Reached XP level 7. HP: 2/50 MP: 8/16
  4510 | D:4      | Noticed Sigmund
  4587 | D:5      | Entered Level 5 of the Dungeon
  4654 | D:5      | Found a hide-covered altar of Uskayaw.
  4668 | D:5      | Reached skill level 7 in Earth Magic
  4744 | D:5      | Found a staircase to the Ecumenical Temple.
  4828 | D:5      | Found a basalt altar of Yredelemnul.
  4973 | D:5      | Noticed Eustachio
  4989 | D:5      | Killed Eustachio
  5115 | D:5      | Found a sacrificial altar of Ru.
  5117 | D:5      | Found an opulent altar of Gozag.
  5117 | D:5      | Found a shimmering altar of Xom.
  5117 | D:5      | Found a shadowy altar of Dithmenos.
  5232 | D:5      | Found a sparkling altar of Nemelex Xobeh.
  5237 | D:5      | Found a blossoming altar of Fedhas.
  5945 | D:6      | Noticed Grinder
  5952 | D:5      | Killed Grinder
  5953 | D:5      | Reached skill level 5 in Spellcasting
  5953 | D:5      | Reached skill level 8 in Earth Magic
  5953 | D:5      | Reached XP level 8. HP: 35/57 MP: 7/19
  6125 | D:4      | Killed Sigmund
  6297 | D:4      | Found a burning altar of Makhleb.
  6346 | D:4      | Found a glowing golden altar of the Shining One.
  7199 | D:6      | Found a transporter.
  7237 | D:6      | Noticed sahdkjhfkaj's ghost (novice OgBe)
  7375 | D:6      | Reached skill level 9 in Earth Magic
  7709 | D:6      | Reached skill level 1 in Shields
  7716 | D:6      | Reached skill level 1 in Fighting
  8129 | D:6      | Found a transporter.
  8570 | D:7      | Found a stormy altar of Qazlal.
  8639 | D:7      | Found a shimmering blue altar of Sif Muna.
  9314 | D:8      | Reached XP level 9. HP: 59/67 MP: 11/21
 11009 | D:9      | Noticed a two-headed ogre
 11048 | D:9      | Killed a two-headed ogre
 11049 | D:9      | Reached skill level 10 in Earth Magic
 11337 | D:9      | Found a staircase to the Orcish Mines.
 11492 | D:9      | Noticed Maurice
 11531 | D:9      | Paralysed by something for 5 turns
 11544 | D:9      | Paralysed by something for 6 turns
 11566 | D:9      | Killed Maurice
 11772 | D:9      | Reached XP level 10. HP: 78/78 MP: 18/24
 11945 | D:9      | Noticed Gastronok
 11954 | D:9      | Killed Gastronok
 11955 | D:9      | Reached skill level 11 in Earth Magic
 12404 | D:9      | Found a radiant altar of Vehumet.
 12479 | D:10     | Entered Level 10 of the Dungeon
 12490 | D:9      | Slain by a wyvern

Illustrated notes

Levels and vault maps discovered:
D:1:      minmay_arrival_glassed_features, layout_basic
D:2:      layout_basic, serial_curves, eino_curves_02, eino_curves_04
D:3:      layout_basic, lemuel_doored_altar, minmay_misc_feat_rugged,
          corexii_shack, serial_bayou_pond_a, serial_bayou_lagoon_a,
          minmay_misc_feat_alley, roderic_roman_lattice
D:4:      layout_loops_ring, makhleb_grotto_becter, serial_park_tiny_1,
          nicolae_tso_swordbearing_angel, uniq_sigmund, uniq_pikel
D:5:      layout_basic, lemuel_crystal_altar, minmay_overflow_temple_hex,
          minmay_temple_entry_ruins, serial_corexii_hall,
          corexii_hall_statues_x, chequers_hall_statues_y,
          yredelemnul_altar_generic, uniq_eustachio
D:6:      layout_cave_pods, gammafunk_ghost_arena, portal_sewer_entry_b,
          uniq_grinder
D:7:      layout_cave_pods, old_standard_altar,
          nicolae_qazlal_style_of_elements, serial_bayou, serial_bayou_crossing,
          serial_bayou_shore_b, serial_bayou_shore_a, serial_bayou_pond_a
D:8:      layout_basic, serial_ice, serial_ice_m, serial_ice_h, serial_ice_k,
          serial_ice_g, serial_ice_c, serial_ice_n
D:9:      layout_gridville, general_overflow_altar, uniq_gastronok, uniq_maurice
D:10:     layout_roguey, minmay_lair_entry_grove

Skill      XL: |  1  2  3  4  5  6  7  8  9 10 |
---------------+-------------------------------+-----
Earth Magic    | 3 4 6 8 9 10 11 | 11.3
Spellcasting   | 2 4 5 6 7 |  7.4
Shields        | 1 3 4 |  4.0
Fighting       | 1 3 4 |  4.9
Dodging        | |  1.7
Stealth        | |  1.7
Transmutations | |  0.8

Action                   |  1- 3 |  4- 6 |  7- 9 | 10-12 || total
-------------------------+-------+-------+-------+-------++-------
Melee: Dagger            |    80 |   107 |       |       ||   187
       Whip              |       |       |    29 |       ||    29
 Cast: Sandblast         |    42 |    13 |    18 |     8 ||    81
       Stone Arrow       |     1 |       |   156 |    24 ||   181
  Use: Scroll            |       |       |     7 |       ||     7
 Stab: Sleeping          |     3 |     1 |       |       ||     4
       Distracted        |       |     1 |       |       ||     1
Armor: Robe              |    30 |    31 |     3 |       ||    64
       Leather armour    |       |       |    20 |     6 ||    26
Dodge: Dodged            |    69 |    68 |    36 |     8 ||   181
Block: Buckler           |       |       |    12 |    11 ||    23
       Reflection        |       |       |     3 |       ||     3

Table legend: (Time is in decaauts)
 A = Elapsed time spent in this place.
 B = Non-inter-level travel time spent in this place.
 C = Inter-level travel time spent in this place.
 D = Time resting spent in this place.
 E = Time spent auto-exploring this place.
 F = Levels seen in this place.
 G = Mean time per level.
                   A        B        C        D        E       F      G
               +--------+--------+--------+--------+--------+-----+--------+
         Total |  12530 |  12138 |    392 |    549 |  10027 |  10 | 1253.0 |
       Dungeon |  12530 |  12138 |    392 |    549 |  10027 |  10 | 1253.0 |
               +--------+--------+--------+--------+--------+-----+--------+

Top non-repeatable levels by time:
     D:8: 1792 daAuts
     D:5: 1651 daAuts
     D:6: 1518 daAuts
     D:9: 1508 daAuts
     D:4: 1408 daAuts
     D:2: 1395 daAuts
     D:3: 1228 daAuts
     D:1: 1100 daAuts
     D:7: 920 daAuts
    D:10: 5 daAuts
